APP
BURLINGTON ROYALS @ BALTIMORE (APP) ORIOLES
10/16/2044
 
TOP OF THE 1ST
Burlington Royals batting - Pitching for Bluefield Blue Jays : RHP Joe Quesenberry
Pitching: RHP Joe Quesenberry
Batting: RHB Devin Garrett 0-0: Called Strike
0-1: Foul Ball, location: 2F
0-2: Ball
1-2: Ground out 6-3 (Groundball, 6, EV 90.0 MPH)
Batting: RHB Jake Burkhart 0-0: Ball
1-0: Ball
2-0: Ball
3-0: Called Strike
3-1: SINGLE (Line Drive, 3D, EV 94.4 MPH)
Batting: LHB Natanael Frois 0-0: Called Strike
0-1: Foul Ball, location: 2F
0-2: Strikes out looking
Jake Burkhart steals 2nd base (no throw)
Batter strikes out.
Batting: LHB Jason Smith 0-0: Foul Ball, location: 2F
0-1: Foul Ball, location: 2F
0-2: Strikes out looking
Top of the 1st over - 0 runs, 1 hit, 0 errors, 1 left on base; Burlington 0 - Bluefield 0
BOTTOM OF THE 1ST
Bluefield Blue Jays batting - Pitching for Burlington Royals : RHP Gus Armijo
Pitching: RHP Gus Armijo
Batting: LHB Paul Caliari 0-0: Ball
1-0: Called Strike
1-1: Foul Ball, location: 2F
1-2: Ball
2-2: SINGLE (Groundball, 4MD, EV 95.6 MPH)
Batting: RHB Sung-ho Lee 0-0: Called Strike
0-1: Ball
1-1: Swinging Strike
1-2: Foul Ball, location: 2F
1-2: Foul Ball, location: 2F
1-2: Ball
2-2: Ball
3-2: SINGLE (Line Drive, 3D, EV 105.6 MPH)
Paul Caliari to second
Batting: SHB Orlando Lopez 0-0: Ball
1-0: Ball
2-0: Ball
3-0: Called Strike
3-1: Base on Balls
Paul Caliari to third
Sung-ho Lee to second
Batting: RHB Murray Yerzy 0-0: GRAND SLAM HOME RUN (Flyball, 89XD, EV 95.0 MPH), Distance : 402 ft
Batting: RHB Mel Medlin 0-0: Ball
1-0: Called Strike
1-1: Foul Ball, location: 2F
1-2: Fly out, F9 (Line Drive, 9, EV 85.6 MPH)
Batting: LHB Omar Ramirez 0-0: Called Strike
0-1: Swinging Strike
0-2: Ball
1-2: Fly out, F8 (Flyball, 8RS, EV 78.1 MPH)
Batting: RHB Logan Humby 0-0: Ball
1-0: Ball
2-0: Ball
3-0: Called Strike
3-1: Foul Ball, location: 2F
3-2: Base on Balls
Batting: LHB Alexis Quinones 0-0: Ball
1-0: Called Strike
1-1: Ball
2-1: Ball
3-1: Called Strike
3-2: Foul Ball, location: 2F
3-2: DOUBLE (Groundball, 3L, EV 103.1 MPH)
Logan Humby to third
Logan Humby scores
Batting: RHB Tyler Gray 0-0: Ball
1-0: Ball
2-0: Foul Ball, location: 2F
2-1: Called Strike
2-2: Ball
3-2: SINGLE (Groundball, 56D, EV 103.8 MPH)
Alexis Quinones to third
Alexis Quinones scores
Pitching: RHP Juan Hernandez
Batting: LHB Paul Caliari 0-0: Ball
1-0: Called Strike
1-1: Ball
2-1: Fielders Choice at 2nd, U4 (Groundball, 4M, EV 103.8 MPH)
Bottom of the 1st over - 6 runs, 5 hits, 0 errors, 1 left on base; Burlington 0 - Bluefield 6
TOP OF THE 2ND
Burlington Royals batting - Pitching for Bluefield Blue Jays : RHP Joe Quesenberry
Batting: LHB Jason Mills 0-0: Ball
1-0: Called Strike
1-1: Called Strike
1-2: Ball
2-2: Ground out 4-3 (Groundball, 4D, EV 98.1 MPH)
Batting: RHB Jason Sloan 0-0: Ball
1-0: Foul Ball, location: 2F
1-1: Single, Error in OF, E9, batter to second base (Line Drive, 89S, EV 101.3 MPH)
Batting: LHB Jim Hollowell 0-0: Swinging Strike
0-1: Ball
1-1: Fly out, F5 (Popup, 56, EV 83.1 MPH)
Batting: LHB Lapaele Keneke 0-0: Called Strike
0-1: Swinging Strike
0-2: Ball
1-2: Foul Ball, location: 2F
1-2: Ball
2-2: Foul Ball, location: 2F
2-2: Strikes out swinging
Top of the 2nd over - 0 runs, 1 hit, 1 error, 1 left on base; Burlington 0 - Bluefield 6
BOTTOM OF THE 2ND
Bluefield Blue Jays batting - Pitching for Burlington Royals : RHP Juan Hernandez
Batting: RHB Sung-ho Lee 0-0: Ball
1-0: Foul Ball, location: 2F
1-1: SINGLE (Line Drive, 89S, EV 108.8 MPH)
Batting: SHB Orlando Lopez 0-0: Called Strike
Sung-ho Lee steals 2nd base
0-1: Ball
1-1: Ground out 5-3 (Groundball, 5, EV 87.5 MPH)
Batting: RHB Murray Yerzy 0-0: Ball
Sung-ho Lee steals 3rd base
1-0: Called Strike
1-1: Ball
2-1: Ball
3-1: SINGLE (Groundball, 56S, EV 68.8 MPH) (infield hit)
Sung-ho Lee scores
Batting: RHB Mel Medlin 0-0: Ball
1-0: Called Strike
1-1: Ball
Wild Pitch!
Murray Yerzy to second
2-1: Ground out 4-3 (Groundball, 4M, EV 90.0 MPH)
Murray Yerzy to third
Batting: LHB Omar Ramirez 0-0: Ball
1-0: Hit by Pitch
Batting: RHB Logan Humby 0-0: Fly out, F4 (Line Drive, 4, EV 73.8 MPH)
Bottom of the 2nd over - 1 run, 2 hits, 0 errors, 2 left on base; Burlington 0 - Bluefield 7
TOP OF THE 3RD
Burlington Royals batting - Pitching for Bluefield Blue Jays : RHP Joe Quesenberry
Batting: RHB Josh Tull 0-0: Called Strike
0-1: Called Strike
0-2: Ball
1-2: Strikes out looking
Batting: RHB Devin Garrett 0-0: Ball
1-0: Called Strike
1-1: Ground out 5-3 (Groundball, 56S, EV 81.3 MPH)
Batting: RHB Jake Burkhart 0-0: Called Strike
0-1: Foul Ball, location: 2F
0-2: Strikes out swinging
Top of the 3rd over - 0 runs, 0 hits, 0 errors, 0 left on base; Burlington 0 - Bluefield 7
BOTTOM OF THE 3RD
Bluefield Blue Jays batting - Pitching for Burlington Royals : RHP Juan Hernandez
Batting: LHB Alexis Quinones 0-0: Ball
1-0: Ball
2-0: SINGLE (Groundball, 56, EV 108.8 MPH)
Batting: RHB Tyler Gray 0-0: Foul Ball, location: 2F
0-1: Ball
1-1: Ball
2-1: Foul Ball, location: 2F
2-2: SINGLE (Line Drive, 4D, EV 98.8 MPH)
Alexis Quinones to second
Batting: LHB Paul Caliari 0-0: Fly out, F9 (Flyball, 9S, EV 91.3 MPH)
Batting: RHB Sung-ho Lee 0-0: Ball
1-0: Foul Ball, location: 2F
1-1: Ball
2-1: Ball
3-1: Base on Balls
Alexis Quinones to third
Tyler Gray to second
Batting: SHB Orlando Lopez 0-0: Called Strike
0-1: Ball
1-1: Ball
2-1: Grounds into double play, 4-6-3 (Groundball, 4, EV 89.4 MPH)
Bottom of the 3rd over - 0 runs, 2 hits, 0 errors, 2 left on base; Burlington 0 - Bluefield 7
TOP OF THE 4TH
Burlington Royals batting - Pitching for Bluefield Blue Jays : RHP Joe Quesenberry
Batting: LHB Natanael Frois 0-0: Ball
1-0: Hit by Pitch
Batting: LHB Jason Smith 0-0: Ball
1-0: Called Strike
Natanael Frois steals 2nd base (no throw)
1-1: Called Strike
1-2: Ground out 1-3 (Groundball, 23, EV 92.5 MPH)
Natanael Frois to third
Batting: LHB Jason Mills 0-0: Ball
1-0: Foul Ball, location: 2F
1-1: Foul Ball, location: 2F
1-2: Foul Ball, location: 2F
1-2: Foul Ball, location: 2F
1-2: Strikes out swinging
Batting: RHB Jason Sloan 0-0: Called Strike
0-1: Ball
1-1: Ball
2-1: Called Strike
2-2: Foul Ball, location: 2F
2-2: Strikes out swinging
Top of the 4th over - 0 runs, 0 hits, 0 errors, 1 left on base; Burlington 0 - Bluefield 7
BOTTOM OF THE 4TH
Bluefield Blue Jays batting - Pitching for Burlington Royals : RHP Juan Hernandez
Batting: RHB Murray Yerzy 0-0: Ball
1-0: Ball
2-0: Foul Ball, location: 2F
2-1: SINGLE (Groundball, 56D, EV 100.6 MPH)
Pitching: RHP Carlos Soto
Batting: RHB Mel Medlin 0-0: Foul Ball, location: 2F
0-1: Ball
1-1: Ball
2-1: DOUBLE (Line Drive, 3D, EV 103.8 MPH)
Murray Yerzy to third
Runner from 3rd tries for Home, SAFE, no throw by RF
Batting: LHB Omar Ramirez 0-0: Swinging Strike
0-1: Ball
1-1: Swinging Strike
1-2: Ball
2-2: Strikes out looking
Batting: RHB Logan Humby 0-0: Foul Ball, location: 2F
0-1: Fly out, F7 (Flyball, 7S, EV 88.8 MPH)
Batting: LHB Alexis Quinones 0-0: Fly out, F7 (Flyball, 78S, EV 82.5 MPH)
Bottom of the 4th over - 1 run, 2 hits, 0 errors, 1 left on base; Burlington 0 - Bluefield 8
TOP OF THE 5TH
Burlington Royals batting - Pitching for Bluefield Blue Jays : RHP Joe Quesenberry
Batting: LHB Jim Hollowell 0-0: Swinging Strike
0-1: Ball
1-1: Foul Ball, location: 2F
1-2: Foul Ball, location: 2F
1-2: Foul Ball, location: 2F
1-2: Strikes out swinging
Batting: LHB Lapaele Keneke 0-0: Ball
1-0: Swinging Strike
1-1: Foul Ball, location: 2F
1-2: Ball
2-2: Foul Ball, location: 2F
2-2: Foul Ball, location: 2F
2-2: Foul Ball, location: 2F
2-2: Ball
3-2: Strikes out swinging
Batting: RHB Josh Tull 0-0: Ball
1-0: SOLO HOME RUN (Line Drive, 7D, EV 110.0 MPH), Distance : 388 ft
Batting: RHB Devin Garrett 0-0: Ball
1-0: Called Strike
1-1: Swinging Strike
1-2: Strikes out swinging
Top of the 5th over - 1 run, 1 hit, 0 errors, 0 left on base; Burlington 1 - Bluefield 8
BOTTOM OF THE 5TH
Bluefield Blue Jays batting - Pitching for Burlington Royals : RHP Carlos Soto
Batting: RHB Tyler Gray 0-0: Ball
1-0: Swinging Strike
1-1: DOUBLE (Line Drive, 9LD, EV 109.4 MPH)
Batting: LHB Paul Caliari 0-0: Called Strike
0-1: Foul Ball, location: 2F
0-2: Ball
1-2: DOUBLE (Flyball, 8LXD, EV 90.6 MPH)
Tyler Gray scores
Batting: RHB Sung-ho Lee 0-0: Called Strike
0-1: Foul Ball, location: 2F
0-2: Foul Ball, location: 2F
0-2: Ball
1-2: SINGLE (Groundball, 34D, EV 94.4 MPH)
Paul Caliari to third
Runner from 3rd tries for Home, SAFE, throw by RF to home
Batting: SHB Orlando Lopez 0-0: Swinging Strike
0-1: Swinging Strike
0-2: Foul Ball, location: 2F
0-2: Fielders Choice at 2nd, 4-6 (Groundball, 4, EV 88.8 MPH)
Batting: RHB Murray Yerzy 0-0: Called Strike
0-1: Ball
1-1: Called Strike
1-2: Fly out, F7 (Flyball, 7S, EV 85.6 MPH)
Batting: RHB Mel Medlin 0-0: Fielders Choice at 2nd, 5-4 (Groundball, 5, EV 103.1 MPH)
Bottom of the 5th over - 2 runs, 3 hits, 0 errors, 1 left on base; Burlington 1 - Bluefield 10
TOP OF THE 6TH
Burlington Royals batting - Pitching for Bluefield Blue Jays : RHP Joe Quesenberry
Batting: RHB Jake Burkhart 0-0: Called Strike
0-1: Ground out 6-3 (Groundball, 6, EV 103.8 MPH)
Batting: LHB Natanael Frois 0-0: Foul Ball, location: 2F
0-1: Foul Ball, location: 2F
0-2: Hit by Pitch
Batting: LHB Jason Smith 0-0: Called Strike
0-1: Swinging Strike
0-2: Foul Ball, location: 2F
0-2: Strikes out looking
Batting: LHB Jason Mills Pickoff Throw to First - Out! 1-3
Top of the 6th over - 0 runs, 0 hits, 0 errors, 0 left on base; Burlington 1 - Bluefield 10
BOTTOM OF THE 6TH
Bluefield Blue Jays batting - Pitching for Burlington Royals : RHP Carlos Soto
Batting: LHB Omar Ramirez 0-0: Foul Ball, location: 2F
0-1: Hit by Pitch
Batting: RHB Logan Humby 0-0: Ball
1-0: Ball
2-0: Foul Ball, location: 2F
2-1: Foul Ball, location: 2F
2-2: Fly out, F6 (Line Drive, 6, EV 64.4 MPH)
Pitching: LHP Cameron Boone
Batting: LHB Alexis Quinones 0-0: Ball
1-0: Foul Ball, location: 2F
1-1: TRIPLE (Flyball, 9LD, EV 90.0 MPH)
Omar Ramirez scores
Batting: RHB Tyler Gray 0-0: Called Strike
0-1: Ball
1-1: Foul Ball, location: 2F
1-2: Ball
2-2: Ball
3-2: Base on Balls
Batting: LHB Paul Caliari 0-0: Foul Ball, location: 2F
0-1: Swinging Strike
0-2: Ball
Passed Ball!
Alexis Quinones scores
Tyler Gray to second
1-2: Foul Ball, location: 2F
1-2: SINGLE (Groundball, 6MD, EV 97.5 MPH)
Tyler Gray to third
Runner from 3rd tries for Home, SAFE, throw by CF to home
Batting: RHB Sung-ho Lee 0-0: Ball
1-0: Foul Ball, location: 2F
1-1: Ball
2-1: TRIPLE (Flyball, 89XD, EV 85.6 MPH)
Paul Caliari scores
Batting: SHB Orlando Lopez 0-0: Ball
1-0: Ball
2-0: Ball
3-0: Swinging Strike
3-1: Swinging Strike
3-2: Fly out, F7 (Line Drive, 7D, EV 93.8 MPH)
Runner from 3rd tags up, SCORES, no throw by LF
Pitching: LHP Hisornori Sugimoto
Batting: RHB Murray Yerzy 0-0: Called Strike
0-1: Ball
1-1: Foul Ball, location: 2F
1-2: Ball
2-2: Fly out, F8 (Line Drive, 8LD, EV 88.1 MPH)
Bottom of the 6th over - 5 runs, 3 hits, 0 errors, 0 left on base; Burlington 1 - Bluefield 15
TOP OF THE 7TH
Burlington Royals batting - Pitching for Bluefield Blue Jays : RHP Joe Quesenberry
Batting: LHB Jason Mills 0-0: Ball
1-0: SINGLE (Groundball, 25, EV 66.9 MPH) (infield hit)
Batting: RHB Jason Sloan 0-0: Called Strike
0-1: Called Strike
0-2: Foul Ball, location: 2F
0-2: Strikes out swinging
Pinch Hitting: RHB Allen Hopkins 0-0: Called Strike
0-1: Foul Ball, location: 2F
0-2: Foul Ball, location: 2F
0-2: DOUBLE (Line Drive, 7LD, EV 103.8 MPH)
Jason Mills to third
Batting: LHB Lapaele Keneke 0-0: Called Strike
0-1: Ball
1-1: Ball
2-1: Called Strike
2-2: Strikes out swinging
Pitching: RHP Robert Cucci
Batting: RHB Josh Tull 0-0: Ball
1-0: Swinging Strike
1-1: Called Strike
1-2: Ball
2-2: Strikes out looking
Top of the 7th over - 0 runs, 2 hits, 0 errors, 2 left on base; Burlington 1 - Bluefield 15
BOTTOM OF THE 7TH
Bluefield Blue Jays batting - Pitching for Burlington Royals : LHP Hisornori Sugimoto
Now at 3B: Allen Hopkins
Batting: RHB Mel Medlin 0-0: Reached on error, E4 (Groundball, 4, EV 81.9 MPH)
Batting: LHB Omar Ramirez 0-0: Ball
1-0: Called Strike
1-1: Ball
2-1: SINGLE (Groundball, 34D, EV 99.4 MPH)
Mel Medlin to third
Batting: RHB Logan Humby 0-0: Called Strike
0-1: Ball
1-1: Ball
2-1: Ball
Wild Pitch!
Mel Medlin scores
Omar Ramirez to second
3-1: Foul Ball, location: 2F
3-2: Foul Ball, location: 2F
3-2: Base on Balls
Batting: LHB Alexis Quinones 0-0: Ball
1-0: Fielders Choice at 2nd, 3-6 (Groundball, 3, EV 90.6 MPH)
Omar Ramirez to third
Batting: RHB Tyler Gray 0-0: Ball
1-0: Ball
2-0: Ball
3-0: Base on Balls
Alexis Quinones to second
Batting: LHB Paul Caliari 0-0: Fly out, F7 (Line Drive, 7D, EV 87.5 MPH)
Runner from 3rd tags up, SCORES, no throw by LF
Alexis Quinones to third
Batting: RHB Sung-ho Lee 0-0: Called Strike
0-1: Fielders Choice at 2nd, 5-4 (Groundball, 56, EV 99.4 MPH)
Bottom of the 7th over - 2 runs, 1 hit, 1 error, 2 left on base; Burlington 1 - Bluefield 17
TOP OF THE 8TH
Burlington Royals batting - Pitching for Bluefield Blue Jays : RHP Robert Cucci
Pinch Hitting: RHB Andres Loera 0-0: Called Strike
0-1: Ball
1-1: Ground out 6-3 (Groundball, 6, EV 82.5 MPH)
Pinch Hitting: RHB Jeremy Farrar 0-0: Called Strike
0-1: Foul Ball, location: 2F
0-2: Ball
1-2: Strikes out swinging, 2-3 out at first.
Pinch Hitting: RHB Paulo Orey 0-0: Ball
1-0: Called Strike
1-1: Ball
2-1: Swinging Strike
2-2: Foul Ball, location: 2F
2-2: Strikes out swinging
Top of the 8th over - 0 runs, 0 hits, 0 errors, 0 left on base; Burlington 1 - Bluefield 17
BOTTOM OF THE 8TH
Bluefield Blue Jays batting - Pitching for Burlington Royals : LHP Hisornori Sugimoto
Now at 1B: Paulo Orey
Now at 3B: Ben Everhard
Now at SS: Andres Loera
Batting: SHB Orlando Lopez 0-0: Swinging Strike
0-1: Called Strike
0-2: Foul Ball, location: 2F
0-2: Ball
1-2: Ball
2-2: Ball
3-2: Fly out, F7 (Flyball, 78M, EV 85.6 MPH)
Batting: RHB Murray Yerzy 0-0: Swinging Strike
0-1: Fly out, F8 (Flyball, 8LM, EV 91.9 MPH)
Batting: RHB Mel Medlin 0-0: Ball
1-0: SOLO HOME RUN (Flyball, 7D, EV 103.8 MPH), Distance : 384 ft
Batting: LHB Omar Ramirez 0-0: Ball
1-0: Ball
2-0: Swinging Strike
2-1: Foul Ball, location: 2F
2-2: Ball
3-2: Base on Balls
Batting: RHB Logan Humby 0-0: Called Strike
0-1: Ball
1-1: Ball
2-1: Foul Ball, location: 2F
2-2: Ball
3-2: Base on Balls
Omar Ramirez to second
Batting: LHB Alexis Quinones 0-0: Ball
1-0: Ball
2-0: Called Strike
2-1: Called Strike
2-2: Strikes out looking
Bottom of the 8th over - 1 run, 1 hit, 0 errors, 2 left on base; Burlington 1 - Bluefield 18
TOP OF THE 9TH
Burlington Royals batting - Pitching for Bluefield Blue Jays : RHP Robert Cucci
Batting: LHB Jason Smith 0-0: Ball
1-0: Ball
2-0: SOLO HOME RUN (Flyball, 89XD, EV 109.4 MPH), Distance : 405 ft
Pinch Hitting: RHB Steve Rawls 0-0: Ball
1-0: Ball
2-0: Ball
3-0: Called Strike
3-1: SINGLE (Groundball, 34D, EV 95.0 MPH)
Batting: RHB Jason Sloan 0-0: Called Strike
0-1: Called Strike
0-2: Ball
1-2: Ball
2-2: Strikes out swinging
Batting: RHB Allen Hopkins 0-0: Grounds out, U3 (Groundball, 3L, EV 91.3 MPH)
Batting: LHB Lapaele Keneke 0-0: Ground out 1-3 (Groundball, 13S, EV 69.4 MPH)
Top of the 9th over - 1 run, 2 hits, 0 errors, 1 left on base; Burlington 2 - Bluefield 18
Thursday, March 31st , 2022 - OOTP Baseball 22.12 Build 89